 Dungeon Crawl Stone Soup version 0.30-a0-174-gbc10bd73c2 (webtiles) character file.

Game seed: 2371955883056423610

232826 qw the Severer (level 19, -5/128 HPs)
             Began as a Gargoyle Fighter on Oct 1, 2022.
             Was a High Priest of Okawaru.
             Killed from afar by Jory (60 damage)
             ... with a crystal spear
             ... on level 2 of the Vaults.
             The game lasted 00:18:08 (31530 turns).

qw the Severer (Gargoyle Fighter)                  Turns: 31530, Time: 00:18:09

Health: -5/128     AC: 62    Str: 30    XL:     19   Next: 55%
Magic:  24/26      EV: 15    Int: 11    God:    Okawaru [*****.]
Gold:   2711       SH: 15    Dex:  9    Spells: 18/18 levels left

rFire   + . .      SeeInvis .    s - +2 broad axe (drain)
rCold   + + .      Faith    .    G - +1 kite shield "Zoet Jucas" {rN+}
rNeg    + + .      Spirit   .    t - +10 plate armour
rPois   inf        Reflect  .    a - +2 helmet
rElec   +          Harm     .    x - +1 cloak of Kisalah {Drain Will+ Str+4}
rCorr   .          Rampage  .    E - +2 pair of gloves
Will    +++..                    z - +1 pair of boots of Subjectivity {rF+}
Stlth   ..........               y - amulet of Kemethy {Acrobat +Inv rC+ Will+ Regen+}
HPRegen 1.21/turn                g - +4 ring of evasion
MPRegen 0.20/turn                e - ring "Yxicw" {rPois rC+ AC+4}

@: heroic, finesse-ful, marked, flying
A: sickness immunity, AC +14, big wings, negative energy resistance 1,
electricity resistance, torment resistance 1, petrification resistance
}: 1/15 runes: decaying
a: Renounce Religion, Evoke Invisibility, Heroism, Finesse, Duel


You were on level 2 of the Vaults.
You worshipped Okawaru.
Okawaru was extremely pleased with you.
You visited 7 branches of the dungeon, and saw 32 of its levels.
You also visited: Ossuary and Gauntlet.

You collected 4971 gold pieces.
You spent 2260 gold pieces at shops.


Innate Abilities, Weirdness & Mutations

You are immune to sickness and miasma.
Your stone body is resilient. (AC +14)
You are immune to poison.
Your large and strong wings let you fly.
You resist negative energy. (rN+)
You are resistant to electric shocks. (rElec)
You are resistant to unholy torment.
You are immune to petrification.


   Skills:
 - Level 17.0(22.0) Fighting
 - Level 18.0(23.0) Axes
 + Level 9.3(14.3) Throwing
 - Level 17.0(22.0) Armour
 - Level 4.0(9.0) Dodging
 - Level 16.0(21.0) Shields
 - Level 10.0 Invocations


You had 18 spell levels left.
You didn't know any spells.
Your spell library was empty.

Inventory:

Hand Weapons
 s - a +2 broad axe of draining (weapon)
Missiles
 c - 2 silver javelins (quivered)
 v - 10 boomerangs
 F - 6 javelins
Armour
 a - a +2 helmet (worn)
 i - the +1 pair of boots of Patience {rElec Str+2}
   (You found it on level 2 of the Dungeon)

   Str:       It affects your strength (+2).
   rElec:     It insulates you from electricity.
 o - the +6 ice dragon scales "Untimix" {rElec rF- rC++ Int+2 Stlth-}
   (Okawaru gifted it to you on level 3 of the Lair of Beasts)

   Int:       It affects your intelligence (+2).
   rF:        It makes you vulnerable to fire.
   rC:        It greatly protects you from cold.
   rElec:     It insulates you from electricity.
   Stlth:     It makes you less stealthy.
 t - a +10 plate armour (worn)
 x - the +1 cloak of Kisalah (worn) {Drain Will+ Str+4}
   (You found it on level 13 of the Dungeon)

   Str:       It affects your strength (+4).
   Drain:     It drains your maximum health when unequipped.
   Will:      It increases your willpower.
 z - the +1 pair of boots of Subjectivity (worn) {rF+}
   (You acquired it on level 1 of the Vaults)

   rF:        It protects you from fire.
 A - the +0 chain mail of the King of the Hill {rPois rCorr Int-3 SInv}
   (You took it off an orc on level 1 of the Orcish Mines)

   Int:       It affects your intelligence (-3).
   rPois:     It protects you from poison.
   SInv:      It lets you see invisible.
   rCorr:     It protects you from acid and corrosion.
 E - a +2 pair of gloves (worn)
 G - the +1 kite shield "Zoet Jucas" (worn) {rN+}
   (You acquired it on level 2 of the Snake Pit)

   rN:        It protects you from negative energy.
Jewellery
 e - the ring "Yxicw" (right hand) {rPois rC+ AC+4}
   (You found it in a Gauntlet)

   [ring of protection]

   AC:        It affects your AC (+4).
   rC:        It protects you from cold.
   rPois:     It protects you from poison.
 g - a +4 ring of evasion (left hand)
 r - a ring of protection from fire
 w - a ring of protection from cold
 y - the amulet of Kemethy (around neck) {Acrobat +Inv rC+ Will+ Regen+}
   (You bought it in a shop on level 2 of the Orcish Mines)

   [amulet of the acrobat]

   It increases your evasion while moving and waiting.
   rC:        It protects you from cold.
   +Inv:      It lets you turn invisible.
   Regen:     It increases your rate of health regeneration.
   Will:      It increases your willpower.
 C - a ring of protection from fire
 D - a ring of resist corrosion
Wands
 b - a wand of digging (8)
Scrolls
 n - 16 scrolls of identify
 q - 6 scrolls of teleportation
Potions
 d - 15 potions of might
 f - 13 potions of mutation
 h - 10 potions of attraction
 j - 3 potions of heal wounds
 k - 18 potions of curing
 l - 4 potions of cancellation
 m - 9 potions of haste
 p - 4 potions of resistance
 u - 9 potions of lignification
 B - a potion of magic

Dungeon Overview and Level Annotations

Branches:
Dungeon (15/15)            Temple (1/1) D:5            Lair (5/5) D:8
  Swamp (4/4) Lair:3        Snake (3/4) Lair:3        Slime (0/5) Lair:4
    Orc (2/2) D:9             Elf (0/3) Orc:2        Vaults (2/5) D:14
  Crypt (0/3) Vaults:2     Depths (0/4) D:15        Ossuary (visited)
Gauntlet (visited)

Altars:
Ashenzari
Cheibriados
Dithmenos
Elyvilon
Fedhas
Gozag
Hepliaklqana
Kikubaaqudgha
Makhleb
Nemelex Xobeh
Okawaru
Qazlal
Ru
Sif Muna
Trog
Uskayaw
Vehumet
Wu Jian
Xom
Yredelemnul
Zin
The Shining One
Jiyva

Shops:
D:2 (   D:3 :   D:8 !   D:13 !   Orc:2 *[=!*

Portals:
Hell: Lair:5

Annotations:
D:3 1 runed translucent door, qw's ghost, novice GrFi
Swamp:4 3 runed translucent doors, qw's ghost, adept GrFi
Vaults:2 Jory


Message History

You slash the yaktaur captain simulacrum!
The yaktaur captain simulacrum vaporises!
Okawaru accepts your kill.
You slice the ettin skeleton!! You barely miss Jory.
You slash the ettin skeleton!
The ettin skeleton is almost destroyed.
You slice the ogre mage simulacrum!! You slash Jory!
The vault warden's soul is no longer bound.
Jory hits you but does no damage. You block Jory's attack.
The vault warden hits you from afar with a +0 halberd!
The vault sentinel blows a loud note on a signal horn! x2
You slash the ettin skeleton!
The ettin skeleton is almost destroyed.
You slice the ogre mage simulacrum!!
The ogre mage simulacrum vaporises!
Okawaru accepts your kill.
You hit Jory but do no damage. The ettin skeleton misses you.
The ettin skeleton hits you but does no damage.
You slice the ettin skeleton!!
You destroy the ettin skeleton!
Okawaru accepts your kill.
You slice Jory!!
The vault warden hits you from afar with a +0 halberd.
Jory hits you but does no damage. You block Jory's attack.
You hit Jory.
Jory is severely damaged.
You hit the fire giant zombie.
The vault sentinel shoots a bolt.
You block the bolt.
You slash Jory!
Jory is almost destroyed.
You slash the fire giant zombie! You slice the vault sentinel!!
You drain the vault sentinel! You slash Jory!
Jory is almost destroyed.
You slash the fire giant zombie! You closely miss the vault sentinel.
The vault warden hits you but does no damage.
Jory casts a spell at you. The crystal spear hits you!!!
You die...

............'.........
...........#..#####..
...........#.##...##.
##p......#.#.....#.
#.......#.#..>..#.
########.......#.#.....#.
.......#.......#.##...##.
.......#)p.....#(.#.#.#..
.......#@0.....#..#...#..
.......#VZ.....#.##...##.
.......#pZ.....#.#[....#. .
.......+.......#..[......
...)##+#######.....).##########
.......p..............
.p....................
......................
######################


You could see Jory, a vault warden, 2 vault sentinels, an ironbound preserver
simulacrum and a fire giant zombie.

Vanquished Creatures
  Nikola (Snake:3)
  A lich (Vaults:2)
  Kirke (Swamp:4)
  A thorn hunter (Swamp:3)
  2 nagarajas
  A fenstrider witch (Swamp:3)
  A vault warden (Vaults:1)
  Aizul (Snake:3)
  2 orc warlords
  A stone giant (D:15)
  9 ironbound preservers
  A war gargoyle (Vaults:1)
  7 very ugly things (Vaults:1)
  2 ironbound thunderhulks (Vaults:1)
  3 dire elephants (Vaults:2)
  2 eleionomae
  2 bunyips
  A minotaur (Gauntlet)
  A crystal guardian (Vaults:1)
  An entropy weaver (Vaults:1)
  Josephine (Lair:3)
  A shambling mangrove (Swamp:4)
  A peacekeeper (Vaults:1)
  Erolcha (D:12)
  3 yaktaur captains (Vaults:1)
  2 great orbs of eyes
  3 ogre magi
  A vault guard (Vaults:2)
  15 centaur warriors
  A salamander tyrant (Snake:3)
  21 hydras
  14 two-headed ogres
  2 anacondas (Snake:3)
  A catoblepas (Lair:5)
  3 alligators
  5 ironbound frosthearts (Vaults:1)
  6 boulder beetles
  11 naga warriors
  4 tengu warriors
  9 orc high priests
  2 spriggan berserkers (Swamp:2)
  3 naga sharpshooters
  13 spriggans
  9 shock serpents
  2 deep elf knights
  Nergalle (D:11)
  Sonja (Lair:3)
  A sun demon (Lair:5)
  A salamander mystic (Snake:3)
  5 spriggan druids
  21 deep trolls
  5 goliath frogs
  3 wizards
  4 bog bodies
  7 lindwurms (Vaults:1)
  A steelbarb worm (shapeshifter) (Gauntlet)
  8 swamp dragons
  4 ironbound convokers
  3 harpies (Vaults:2)
  5 deep elf pyromancers
  4 naga ritualists
  3 deep elf zephyrmancers
  7 orc knights
  A necromancer (Vaults:2)
  11 mana vipers
  A worldbinder (Gauntlet)
  16 ugly things
  5 manticores
  2 orc sorcerers (Orc:1)
  10 salamanders
  2 elephants
  A will-o-the-wisp (Swamp:4)
  9 cyclopes
  5 guardian serpents
  Joseph (D:8)
  A cyclops (shapeshifter) (D:14)
  35 black mambas
  5 vault sentinels (Vaults:1)
  3 gargoyles
  10 naga magi
  A smoke demon (Lair:5)
  2 orange demons (Lair:5)
  13 cane toads
  A freezing wraith (D:12)
  3 minotaur zombies (Gauntlet)
  2 unseen horrors
  3 efreet
  9 rime drakes
  3 kobold demonologists
  9 yaktaurs
  13 komodo dragons
  3 tengu conjurers
  2 red devils (Lair:5)
  2 ice devils (Lair:5)
  9 trolls
  A polar bear (Lair:3)
  8 tyrant leeches
  16 slime creatures
  13 hornets
  Prince Ribbit (D:5)
  29 blink frogs
  5 dream sheep
  5 flying skulls (Gauntlet)
  An ettin skeleton (Vaults:2)
  A wyvern (shapeshifter) (D:13)
  9 wyverns
  5 basilisks
  6 wraiths
  4 shadows
  2 vampires
  2 humans (Swamp:4)
  33 yaks
  A yak (shapeshifter) (D:13)
  2 hogs (Swamp:4)
  11 vampire mosquitoes
  2 redbacks (Vaults:1)
  A yaktaur simulacrum (Vaults:2)
  A steam dragon (D:8)
  24 nagas
  12 swamp worms
  8 wargs
  A floating eye (shapeshifter) (Gauntlet)
  2 acid dragons
  4 hell hounds (Lair:5)
  17 water moccasins
  18 orc warriors
  12 swamp drakes
  3 black bears
  3 sky beasts
  6 boggarts
  15 centaurs
  16 ogres
  3 phantoms
  6 kobold brigands
  15 bullfrogs
  2 necrophages
  3 scorpions
  2 ogre simulacra (Vaults:2)
  19 wights
  7 killer bees
  A howler monkey (shapeshifter) (Gauntlet)
  7 howler monkeys
  2 lava snakes (D:11)
  3 electric eels
  5 jellies
  2 hounds
  30 orc priests
  2 gnoll boudas
  5 iguanas
  22 orc wizards
  8 mummies (Ossuary)
  17 gnolls
  4 adders
  A white imp (D:8)
  An ufetubus (D:4)
  A worm (D:2)
  5 dart slugs
  77 orcs
  17 ball pythons
  9 endoplasms
  5 giant cockroaches
  A gnoll zombie (Ossuary)
  5 goblins
  11 hobgoblins
  4 quokkas
  4 bats
  5 frilled lizards
  2 hobgoblin zombies (Ossuary)
  21 kobolds
  2 kobold zombies (Ossuary)
  3 orc zombies (Ossuary)
  4 rats
1095 creatures vanquished.

Vanquished Creatures (others)
  A naga warrior (Snake:3)
  A black mamba (Snake:1)
  A naga (Snake:3)
  4 foxfires (Swamp:4)
  13 fungi
  51 plants
71 creatures vanquished.

Grand Total: 1166 creatures vanquished

Notes
Turn   | Place    | Note
-------+----------+-------------------------------------------
     0 | D:1      | qw the Gargoyle Fighter began the quest for the Orb.
     0 | D:1      | Reached XP level 1. HP: 14/14 MP: 1/1
     0 | D:1      | 0 ||| qw: Version: 0.2-a-13-gfc7b4b4
     0 | D:1      | 0 ||| qw: Game counter: 1859
     0 | D:1      | 0 ||| qw: Always use a shield: true
     0 | D:1      | 0 ||| qw: God list: Okawaru
     0 | D:1      | 0 ||| qw: Allow faded altars: false
     0 | D:1      | 0 ||| qw: Do Orc after D:15 true
     0 | D:1      | 0 ||| qw: Do second Lair branch before Depths: true
     0 | D:1      | 0 ||| qw: Lair rune preference: random
     0 | D:1      | 0 ||| qw: Plans: Normal, Zot:1-4, God:TSO, Crypt, Tomb,
                  | Pan, Slime:5, Hells, Abyss, Orb
     0 | D:1      | 0 ||| PLANNING D:1-11
    21 | D:1      | Reached skill level 2 in Axes
    85 | D:1      | 85 ||| Stepping ~*~*~tactically~*~*~ (hiding).
    94 | D:1      | Reached XP level 2. HP: 19/19 MP: 2/2
   282 | D:1      | 282 ||| Stepping ~*~*~tactically~*~*~ (stealth).
   443 | D:1      | Reached skill level 3 in Axes
   491 | D:1      | 491 ||| Stepping ~*~*~tactically~*~*~ (stealth).
   492 | D:1      | 492 ||| Stepping ~*~*~tactically~*~*~ (stealth).
   496 | D:1      | Reached XP level 3. HP: 22/23 MP: 3/3
   564 | D:1      | 564 ||| Stepping ~*~*~tactically~*~*~ (stealth).
   782 | D:1      | 782 ||| READING 2 scrolls labelled LICAMO XAODEA.
   783 | D:1      | 783 ||| READING scroll labelled EGEUQA CIVUA.
   844 | D:2      | Identified the +1 pair of boots of Patience {rElec Str+2}
   863 | D:2      | Found a faded altar of an unknown god.
   920 | D:2      | Identified the +2 rapier "Misuyv" {vorpal, rCorr MP-9 Int+7
                  | SInv}
   999 | D:2      | 999 ||| Stepping ~*~*~tactically~*~*~ (hiding).
  1131 | D:2      | Found Otaatryt's Weapon Shop.
  1199 | D:2      | 1199 ||| Stepping ~*~*~tactically~*~*~ (stealth).
  1201 | D:2      | 1201 ||| Stepping ~*~*~tactically~*~*~ (stealth).
  1203 | D:2      | 1203 ||| Stepping ~*~*~tactically~*~*~ (stealth).
  1323 | D:2      | 1323 ||| DROPPING +0 club.
  1387 | D:2      | Reached XP level 4. HP: 28/28 MP: 4/4
  1444 | D:2      | 1444 ||| UPGRADING to +1 pair of boots of Patience {rElec
                  | Str+2}.
  1449 | D:2      | 1449 ||| READING scroll labelled MIYMIW YR VEH.
  1450 | D:2      | 1450 ||| READING scroll labelled DUFARPH YHEOVUGH.
  1455 | D:2      | 1455 ||| READING scroll labelled ZICORI AQABA.
  1456 | D:2      | 1456 ||| READING 2 scrolls labelled FUEN AGOBBI.
  1457 | D:2      | 1457 ||| DRINKING 2 yellow potions.
  1488 | D:3      | 1488 ||| STAIRDANCE
  1540 | D:3      | Noticed qw's ghost (novice GrFi)
  1702 | D:3      | 1702 ||| Stepping ~*~*~tactically~*~*~ (hiding).
  1712 | D:3      | Reached skill level 4 in Axes
  1729 | D:3      | Found a glowing silver altar of Zin.
  1876 | D:3      | Found a runed translucent door.
  1926 | D:3      | Found a stormy altar of Qazlal.
  1969 | D:3      | Found Vuyffuf's Book Emporium.
  2084 | D:3      | 2084 ||| UPGRADING to +0 chain mail.
  2094 | D:3      | 2094 ||| DROPPING +0 scale mail.
  2095 | D:3      | 2095 ||| UPGRADING to amulet of regeneration.
  2100 | D:3      | 2100 ||| DROPPING +6 ring of intelligence.
  2101 | D:3      | 2101 ||| DROPPING ring of magical power.
  2102 | D:3      | 2102 ||| READING scroll labelled LIHOUKHL PIRGH.
  2103 | D:3      | 2103 ||| DRINKING 2 fizzy orange potions.
  2104 | D:3      | 2104 ||| READING 2 scrolls of identify.
  2104 | D:3      | 2104 ||| IDENTIFYING lumpy silvery potion
  2182 | D:4      | 2182 ||| Stepping ~*~*~tactically~*~*~ (stealth).
  2322 | D:4      | 2322 ||| Stepping ~*~*~tactically~*~*~ (stealth).
  2323 | D:4      | Noticed an ogre
  2329 | D:4      | 2329 ||| Stepping ~*~*~tactically~*~*~ (stealth).
  2334 | D:4      | Killed an ogre
  2335 | D:4      | Reached skill level 5 in Axes
  2335 | D:4      | Reached XP level 5. HP: 13/32 MP: 5/5
  2455 | D:4      | Noticed an ogre
  2463 | D:4      | Killed an ogre
  2464 | D:4      | Reached XP level 6. HP: 24/39 MP: 6/6
  2764 | D:4      | 2764 ||| READING scroll labelled VEKUUBR KOQYSCH.
  2865 | D:4      | 2865 ||| READING 2 scrolls of identify.
  2865 | D:4      | 2865 ||| IDENTIFYING lumpy brown potion
  2900 | D:5      | Entered Level 5 of the Dungeon
  2904 | D:5      | 2904 ||| STAIRDANCE
  2919 | D:5      | Reached skill level 6 in Axes
  2919 | D:5      | Reached XP level 7. HP: 44/44 MP: 7/7
  2954 | D:5      | 2954 ||| Stepping ~*~*~tactically~*~*~ (stealth).
  2956 | D:5      | 2956 ||| Stepping ~*~*~tactically~*~*~ (stealth).
  2957 | D:5      | 2957 ||| Stepping ~*~*~tactically~*~*~ (stealth).
  2958 | D:5      | 2958 ||| Stepping ~*~*~tactically~*~*~ (stealth).
  2970 | D:5      | Reached skill level 1 in Dodging
  2974 | D:5      | 2974 ||| Stepping ~*~*~tactically~*~*~ (stealth).
  2990 | D:5      | 2990 ||| Stepping ~*~*~tactically~*~*~ (stealth).
  3026 | D:5      | 3026 ||| READING scroll of enchant weapon.
  3026 | D:5      | 3026 ||| ENCHANTING +1 war axe.
  3062 | D:5      | Reached skill level 7 in Axes
  3117 | D:5      | 3117 ||| DROPPING +0 whip.
  3123 | D:5      | 3123 ||| Stepping ~*~*~tactically~*~*~ (stealth).
  3366 | D:5      | Found an opulent altar of Gozag.
  3376 | D:5      | 3376 ||| Stepping ~*~*~tactically~*~*~ (stealth).
  3381 | D:5      | 3381 ||| Stepping ~*~*~tactically~*~*~ (stealth).
  3398 | D:5      | Reached XP level 8. HP: 49/49 MP: 8/8
  3421 | D:5      | Found a staircase to the Ecumenical Temple.
  3422 | D:5      | 3422 ||| PLANNING TEMPLE
  3422 | D:5      | 3422 ||| READING scroll labelled TUTOQ IVEFYHUI.
  3423 | D:5      | 3423 ||| READING scroll labelled YSYGGE PONINGYXT.
  3424 | D:5      | 3424 ||| READING 3 scrolls of identify.
  3424 | D:5      | 3424 ||| IDENTIFYING green potion
  3425 | D:5      | 3425 ||| READING 2 scrolls of identify.
  3425 | D:5      | 3425 ||| IDENTIFYING smoky orange potion
  3432 | Temple   | Entered the Ecumenical Temple
  3466 | Temple   | 3466 ||| PLANNING D:1-11
  3648 | D:6      | Noticed Prince Ribbit
  3649 | D:6      | 3649 ||| STAIRDANCE
  3758 | D:6      | 3758 ||| STAIRDANCE
  3768 | D:5      | HP: 11/49 [Prince Ribbit (3)]
  3768 | D:5      | HP: 5/49 [Prince Ribbit (6)]
  3769 | D:5      | 3769 ||| READING 2 scrolls of teleportation.
  3770 | D:5      | 3770 ||| DRINKING potion of heal wounds.
  3805 | D:5      | 3805 ||| Stepping ~*~*~tactically~*~*~ (stealth).
  3817 | D:5      | Killed Prince Ribbit
  3818 | D:5      | Reached skill level 8 in Axes
  3925 | D:6      | Noticed a manticore
  3929 | D:6      | 3929 ||| DRINKING 2 potions of curing.
  3929 | D:6      | 3929 ||| (to cure confusion)
  3934 | D:6      | HP: 12/50 [something (1)]
  3935 | D:6      | 3935 ||| READING scroll of teleportation.
  3938 | D:6      | Reached skill level 6 in Fighting
  3938 | D:6      | Noticed a komodo dragon
  3939 | D:6      | 3939 ||| Stepping ~*~*~tactically~*~*~ (stealth).
  4041 | D:6      | 4041 ||| Invisible monster not found???
  4072 | D:6      | HP: 11/51 [komodo dragon (7)]
  4073 | D:6      | 4073 ||| DRINKING potion of heal wounds.
  4076 | D:6      | Killed a komodo dragon
  4117 | D:6      | 4117 ||| Stepping ~*~*~tactically~*~*~ (stealth).
  4134 | D:6      | Reached XP level 9. HP: 29/55 MP: 9/9
  4294 | D:6      | Noticed a cyclops
  4302 | D:6      | Killed a cyclops
  4303 | D:6      | Reached skill level 9 in Axes
  4306 | D:6      | Noticed a gargoyle
  4316 | D:6      | Killed a gargoyle
  4516 | D:6      | 4516 ||| Stepping ~*~*~tactically~*~*~ (stealth).
  4545 | D:6      | Found a burning altar of Makhleb.
  4590 | D:6      | 4590 ||| READING scroll labelled JIMIGECWEUPP.
  4591 | D:6      | 4591 ||| READING 2 scrolls labelled QACUMM UDOPTIGIGIC.
  4592 | D:6      | 4592 ||| READING scroll labelled JINNIELLUI.
  4603 | D:6      | 4603 ||| READING scroll labelled GOBIXI GELLY.
  4604 | D:6      | 4604 ||| DRINKING 2 cyan potions.
  4605 | D:6      | 4605 ||| READING 4 scrolls of identify.
  4605 | D:6      | 4605 ||| IDENTIFYING viscous inky potion
  4606 | D:6      | 4606 ||| READING 3 scrolls of identify.
  4606 | D:6      | 4606 ||| IDENTIFYING clear potion
  4607 | D:6      | 4607 ||| DROPPING scroll of fog.
  4608 | D:6      | 4608 ||| DROPPING potion of magic.
  4609 | D:6      | 4609 ||| DROPPING potion of flight.
  4619 | D:7      | 4619 ||| STAIRDANCE
  4629 | D:7      | 4629 ||| STAIRDANCE
  4804 | D:7      | Found a white marble altar of Elyvilon.
  4804 | D:7      | Found a hazy altar of Hepliaklqana.
  4821 | D:7      | Found a shimmering altar of Xom.
  4936 | D:7      | Reached skill level 10 in Axes
  4962 | D:7      | 4962 ||| Stepping ~*~*~tactically~*~*~ (stealth).
  4963 | D:7      | 4963 ||| Stepping ~*~*~tactically~*~*~ (stealth).
  5031 | D:7      | 5031 ||| Stepping ~*~*~tactically~*~*~ (hiding).
  5033 | D:7      | 5033 ||| Stepping ~*~*~tactically~*~*~ (hiding).
  5034 | D:7      | 5034 ||| Stepping ~*~*~tactically~*~*~ (hiding).
  5179 | D:7      | Found a blossoming altar of Fedhas.
  5232 | D:7      | Found an iron altar of Okawaru.
  5233 | D:7      | 5233 ||| PLANNING OKAWARU WORSHIP
  5253 | D:7      | Became a worshipper of Warmaster Okawaru
  5254 | D:7      | 5254 ||| PLANNING D:1-11
  5355 | D:7      | Found a shadowy altar of Dithmenos.
  5366 | D:7      | 5366 ||| Stepping ~*~*~tactically~*~*~ (stealth).
  5367 | D:7      | 5367 ||| Stepping ~*~*~tactically~*~*~ (stealth).
  5368 | D:7      | 5368 ||| Stepping ~*~*~tactically~*~*~ (stealth).
  5370 | D:7      | 5370 ||| Stepping ~*~*~tactically~*~*~ (stealth).
  5608 | D:7      | Reached XP level 10. HP: 49/64 MP: 10/10
  5747 | D:7      | 5747 ||| UPGRADING to +6 ring of strength.
  5791 | D:8      | 5791 ||| PLANNING OSSUARY
  5871 | D:8      | Found a staircase to the Lair.
  5871 | D:8      | Noticed an elephant
  5872 | D:8      | 5872 ||| Stepping ~*~*~tactically~*~*~ (stealth).
  5889 | D:8      | Killed an elephant
  5920 | D:8      | Reached * piety under Okawaru
  5921 | D:8      | 5921 ||| INVOKING Heroism.
  5964 | D:8      | Noticed Joseph
  5973 | D:8      | 5973 ||| INVOKING Heroism.
  5975 | D:8      | Reached skill level 1 in Invocations
  5982 | D:8      | Killed Joseph
  5983 | D:8      | Reached skill level 11 in Axes
  5995 | D:8      | 5995 ||| Stepping ~*~*~tactically~*~*~ (stealth).
  6112 | D:8      | Found a sand-covered staircase.
  6117 | Ossuary  | Entered an ossuary
  6120 | Ossuary  | 6120 ||| INVOKING Heroism.
  6220 | Ossuary  | 6220 ||| READING scroll of enchant weapon.
  6220 | Ossuary  | 6220 ||| ENCHANTING +2 war axe.
  6332 | Ossuary  | 6332 ||| DRINKING 3 red potions.
  6333 | Ossuary  | 6333 ||| READING 5 scrolls of identify.
  6333 | Ossuary  | 6333 ||| IDENTIFYING fuming black potion
  6334 | Ossuary  | 6334 ||| READING 4 scrolls of identify.
  6334 | Ossuary  | 6334 ||| IDENTIFYING fuming ruby potion
  6335 | Ossuary  | 6335 ||| DROPPING 2 potions of brilliance.
  6336 | Ossuary  | 6336 ||| DROPPING potion of degeneration.
  6357 | D:8      | 6357 ||| PLANNING LAIR
  6387 | Lair:1   | Entered Level 1 of the Lair of Beasts
  6411 | Lair:1   | Noticed a cane toad
  6412 | Lair:1   | 6412 ||| INVOKING Heroism.
  6420 | Lair:1   | Killed a cane toad
  6459 | Lair:1   | Identified the +6 battleaxe of Wiareadgh {vorpal, *Rage
                  | rElec rF+ rN+++}
  6576 | Lair:1   | 6576 ||| INVOKING Heroism.
  6611 | Lair:1   | Reached skill level 3 in Invocations
  6616 | Lair:1   | Reached ** piety under Okawaru
  6624 | Lair:1   | Reached skill level 9 in Fighting
  6628 | Lair:1   | 6628 ||| Stepping ~*~*~tactically~*~*~ (stealth).
  6629 | Lair:1   | 6629 ||| Stepping ~*~*~tactically~*~*~ (stealth).
  6630 | Lair:1   | 6630 ||| Stepping ~*~*~tactically~*~*~ (stealth).
  7022 | Lair:1   | 7022 ||| INVOKING Heroism.
  7033 | Lair:1   | Reached skill level 6 in Armour
  7161 | Lair:1   | 7161 ||| DROPPING orb of energy.
  7162 | Lair:1   | 7162 ||| READING 3 scrolls of identify.
  7162 | Lair:1   | 7162 ||| IDENTIFYING emerald potion
  7163 | Lair:1   | 7163 ||| DROPPING potion of berserk rage.
  7257 | Lair:2   | 7257 ||| SWAPPING to +0 broad axe.
  7258 | Lair:2   | 7258 ||| DROPPING +3 war axe.
  7263 | Lair:2   | 7263 ||| INVOKING Heroism.
  7271 | Lair:2   | Reached XP level 11. HP: 50/71 MP: 11/14
  7280 | Lair:2   | Reached *** piety under Okawaru
  7371 | Lair:2   | 7371 ||| Stepping ~*~*~tactically~*~*~ (stealth).
  7372 | Lair:2   | 7372 ||| Stepping ~*~*~tactically~*~*~ (stealth).
  7373 | Lair:2   | 7373 ||| Stepping ~*~*~tactically~*~*~ (stealth).
  7374 | Lair:2   | 7374 ||| Stepping ~*~*~tactically~*~*~ (stealth).
  7375 | Lair:2   | 7375 ||| Stepping ~*~*~tactically~*~*~ (stealth).
  7376 | Lair:2   | 7376 ||| INVOKING Heroism.
  7385 | Lair:2   | HP: 14/71 [blink frog (8)]
  7386 | Lair:2   | 7386 ||| READING 2 scrolls of teleportation.
  7387 | Lair:2   | 7387 ||| DRINKING 4 potions of heal wounds.
  7491 | Lair:2   | 7491 ||| INVOKING Heroism.
  7499 | Lair:2   | Reached skill level 12 in Axes
  7665 | Lair:2   | 7665 ||| INVOKING Heroism.
  7678 | Lair:2   | Reached skill level 6 in Shields
  7753 | Lair:2   | 7753 ||| INVOKING Heroism.
  7772 | Lair:2   | 7772 ||| INVOKING Heroism.
  7822 | Lair:2   | 7822 ||| INVOKING Heroism.
  7853 | Lair:2   | 7853 ||| INVOKING Heroism.
  8065 | Lair:2   | 8065 ||| UPGRADING to +0 plate armour.
  8075 | Lair:2   | 8075 ||| DROPPING +0 chain mail.
  8076 | Lair:2   | 8076 ||| READING 7 scrolls of enchant armour.
  8076 | Lair:2   | 8076 ||| ENCHANTING +0 plate armour.
  8077 | Lair:2   | 8077 ||| READING 6 scrolls of enchant armour.
  8077 | Lair:2   | 8077 ||| ENCHANTING +1 plate armour.
  8078 | Lair:2   | 8078 ||| READING 5 scrolls of enchant armour.
  8078 | Lair:2   | 8078 ||| ENCHANTING +2 plate armour.
  8079 | Lair:2   | 8079 ||| READING 4 scrolls of enchant armour.
  8079 | Lair:2   | 8079 ||| ENCHANTING +3 plate armour.
  8080 | Lair:2   | 8080 ||| READING 3 scrolls of enchant armour.
  8080 | Lair:2   | 8080 ||| ENCHANTING +4 plate armour.
  8081 | Lair:2   | 8081 ||| READING 2 scrolls of enchant armour.
  8081 | Lair:2   | 8081 ||| ENCHANTING +5 plate armour.
  8082 | Lair:2   | 8082 ||| READING scroll of enchant armour.
  8082 | Lair:2   | 8082 ||| ENCHANTING +6 plate armour.
  8102 | Lair:3   | 8102 ||| PLANNING GAUNTLET
  8151 | Lair:3   | 8151 ||| INVOKING Heroism.
  8158 | Lair:3   | Reached **** piety under Okawaru
  8220 | Lair:3   | Found a gate leading to a gauntlet.
  8221 | Lair:3   | 8221 ||| UPGRADING to +1 helmet.
  8229 | Gauntlet | Entered a Gauntlet
  8229 | Gauntlet | Noticed a worldbinder
  8229 | Gauntlet | Found a transporter.
  8229 | Gauntlet | Found a transporter.
  8230 | Gauntlet | Found a transporter.
  8230 | Gauntlet | Found a transporter.
  8230 | Gauntlet | Noticed a reaper
  8233 | Gauntlet | Found a transporter.
  8243 | Gauntlet | Found a transporter.
  8243 | Gauntlet | Found a transporter.
  8257 | Gauntlet | Found a transporter.
  8265 | Gauntlet | Found a transporter.
  8279 | Gauntlet | a redback changed into a two-headed ogre
  8279 | Gauntlet | Noticed a two-headed ogre (shapeshifter)
  8284 | Gauntlet | Found a transporter.
  8290 | Gauntlet | Found a transporter.
  8307 | Gauntlet | Found a transporter.
  8360 | Gauntlet | Noticed a hell hog
  8432 | Gauntlet | Noticed a bog body
  8432 | Gauntlet | 8432 ||| Stepping ~*~*~tactically~*~*~ (hiding).
  8434 | Gauntlet | 8434 ||| INVOKING Heroism.
  8435 | Gauntlet | Noticed a goliath frog
  8435 | Gauntlet | Noticed a goliath frog
  8439 | Gauntlet | HP: 13/72 [goliath frog[a worldbinder] (8)]
  8439 | Gauntlet | HP: 4/72 [acid[a worldbinder] (9)]
  8440 | Gauntlet | 8440 ||| DRINKING 3 potions of heal wounds.
  8441 | Gauntlet | 8441 ||| DRINKING 2 potions of heal wounds.
  8444 | Gauntlet | Noticed a bog body
  8444 | Gauntlet | Noticed a bog body
  8447 | Gauntlet | HP: 18/72 [bog body[a worldbinder] (11)]
  8448 | Gauntlet | 8448 ||| DRINKING potion of heal wounds.
  8454 | Gauntlet | Killed a worldbinder
  8470 | Gauntlet | 8470 ||| INVOKING Heroism.
  8528 | Gauntlet | Identified the ring "Yxicw" {rPois rC+ AC+4}
  8534 | Gauntlet | 8534 ||| UPGRADING to ring "Yxicw" {rPois rC+ AC+4}.
  8552 | Gauntlet | 8552 ||| DROPPING +0 hat of stealth.
  8557 | Gauntlet | an elephant changed into a steelbarb worm
  8557 | Gauntlet | Noticed a steelbarb worm (shapeshifter)
  8566 | Gauntlet | Killed a steelbarb worm
  8567 | Gauntlet | 8567 ||| Stepping randomly (stuck).
  8568 | Gauntlet | 8568 ||| Stepping randomly (stuck).
  8569 | Gauntlet | 8569 ||| Stepping randomly (stuck).
  8573 | Gauntlet | 8573 ||| Stepping randomly (stuck).
  8574 | Gauntlet | 8574 ||| Stepping randomly (stuck).
  8581 | Gauntlet | Noticed a cyclops
  8583 | Gauntlet | a cyclops changed into a shock serpent
  8583 | Gauntlet | Noticed a shock serpent (shapeshifter)
  8583 | Gauntlet | Paralysed by a floating eye for 2 turns
  8587 | Gauntlet | 8587 ||| UPGRADING to +4 ring of evasion.
  8589 | Gauntlet | 8589 ||| DROPPING +6 ring of strength.
  8595 | Gauntlet | 8595 ||| INVOKING Heroism.
  8648 | Gauntlet | Identified the +3 chain mail of Leujuyv {Regen+}
  8648 | Gauntlet | Noticed a minotaur
  8649 | Gauntlet | 8649 ||| Stepping ~*~*~tactically~*~*~ (stealth).
  8651 | Gauntlet | 8651 ||| INVOKING Heroism.
  8666 | Gauntlet | Killed a minotaur
  8666 | Gauntlet | Reached ***** piety under Okawaru
  8667 | Gauntlet | Reached skill level 6 in Invocations
  8667 | Gauntlet | Reached XP level 12. HP: 69/77 MP: 14/16
  8726 | Gauntlet | 8726 ||| DROPPING +2 pair of boots of stealth.
  8727 | Gauntlet | 8727 ||| DROPPING +2 plate armour of positive energy.
  8732 | Lair:3   | 8732 ||| PLANNING LAIR
  8836 | Lair:3   | 8836 ||| Stepping ~*~*~tactically~*~*~ (stealth).
  8839 | Lair:3   | 8839 ||| INVOKING Heroism.
  8853 | Lair:3   | Reached skill level 1 in Throwing
  8894 | Lair:3   | 8894 ||| Stepping ~*~*~tactically~*~*~ (stealth).
  8895 | Lair:3   | 8895 ||| INVOKING Heroism.
  8951 | Lair:3   | 8951 ||| Stepping ~*~*~tactically~*~*~ (stealth).
  8952 | Lair:3   | Found a staircase to the Snake Pit.
  8952 | Lair:3   | Noticed Sonja
  8954 | Lair:3   | 8954 ||| INVOKING Heroism.
  8955 | Lair:3   | 8955 ||| INVOKING Finesse.
  8959 | Lair:3   | Received a gift from Okawaru
  8966 | Lair:3   | Killed Sonja
  8967 | Lair:3   | Reached skill level 3 in Throwing
  9014 | Lair:3   | 9014 ||| DROPPING +0 war axe of electrocution.
  9061 | Lair:3   | 9061 ||| Stepping ~*~*~tactically~*~*~ (stealth).
  9063 | Lair:3   | 9063 ||| Stepping ~*~*~tactically~*~*~ (hiding).
  9070 | Lair:3   | 9070 ||| INVOKING Heroism.
  9095 | Lair:3   | Reached skill level 9 in Armour
  9105 | Lair:3   | Found a staircase to the Swamp.
  9106 | Lair:3   | 9106 ||| Stepping ~*~*~tactically~*~*~ (stealth).
  9108 | Lair:3   | 9108 ||| Stepping ~*~*~tactically~*~*~ (stealth).
  9114 | Lair:3   | 9114 ||| INVOKING Heroism.
  9205 | Lair:3   | 9205 ||| INVOKING Heroism.
  9232 | Lair:3   | Reached skill level 9 in Invocations
  9493 | Lair:3   | Noticed Josephine
  9494 | Lair:3   | 9494 ||| Stepping ~*~*~tactically~*~*~ (stealth).
  9500 | Lair:3   | 9500 ||| Stepping ~*~*~tactically~*~*~ (stealth).
  9506 | Lair:3   | 9506 ||| Stepping ~*~*~tactically~*~*~ (stealth).
  9523 | Lair:3   | 9523 ||| INVOKING Heroism.
  9534 | Lair:3   | Killed Josephine
  9537 | Lair:3   | Identified the +6 ice dragon scales "Untimix" {rElec rF-
                  | rC++ Int+2 Stlth-} (Okawaru gifted it to you on level 3 of
                  | the Lair of Beasts)
  9537 | Lair:3   | Received a gift from Okawaru
  9671 | Lair:3   | Identified the +2 robe of Pisas {rCorr Str+3}
  9802 | Lair:3   | 9802 ||| READING scroll labelled IDUGYHI BIPHOO.
  9883 | Lair:4   | Found a bloodstained altar of Trog.
  9942 | Lair:4   | 9942 ||| Stepping ~*~*~tactically~*~*~ (stealth).
  9944 | Lair:4   | 9944 ||| INVOKING Heroism.
  9955 | Lair:4   | Reached skill level 13 in Axes
  9955 | Lair:4   | Reached XP level 13. HP: 68/82 MP: 18/20
 10029 | Lair:4   | 10029 ||| INVOKING Heroism.
 10093 | Lair:4   | 10093 ||| Stepping ~*~*~tactically~*~*~ (stealth).
 10097 | Lair:4   | 10097 ||| INVOKING Heroism.
 10170 | Lair:4   | 10170 ||| INVOKING Heroism.
 10379 | Lair:4   | Found a staircase to the Slime Pits.
 10379 | Lair:4   | Found a viscous altar of Jiyva.
 10393 | Lair:4   | Identified the +2 scimitar of Checks and Balances {speed,
                  | *Slow rN++}
 10467 | Lair:4   | 10467 ||| Stepping ~*~*~tactically~*~*~ (stealth).
 10481 | Lair:4   | Reached skill level 14 in Axes
 10481 | Lair:4   | Identified the +1 chain mail "Luemoic" {rElec MP+9 Int-2}
 10734 | Lair:5   | Entered Level 5 of the Lair of Beasts
 10736 | Lair:5   | 10736 ||| STAIRDANCE
 10747 | Lair:5   | 10747 ||| STAIRDANCE
 10749 | Lair:4   | 10749 ||| INVOKING Heroism.
 10763 | Lair:5   | 10763 ||| STAIRDANCE
 10778 | Lair:5   | 10778 ||| STAIRDANCE
 10852 | Lair:5   | 10852 ||| INVOKING Heroism.
 10978 | Lair:5   | 10978 ||| INVOKING Heroism.
 10994 | Lair:5   | 10994 ||| INVOKING Finesse.
 11021 | Lair:5   | 11021 ||| Stepping ~*~*~tactically~*~*~ (hiding).
 11027 | Lair:5   | Received a gift from Okawaru
 11028 | Lair:5   | 11028 ||| Stepping ~*~*~tactically~*~*~ (hiding).
 11055 | Lair:5   | 11055 ||| INVOKING Heroism.
 11058 | Lair:5   | Identified the +0 robe "Norovej" {rF+ Regen+ Str+3 Slay-3}
                  | (Okawaru gifted it to you on level 5 of the Lair of Beasts)
 11058 | Lair:5   | Received a gift from Okawaru
 11074 | Lair:5   | 11074 ||| INVOKING Finesse.
 11258 | Lair:5   | 11258 ||| READING scroll of enchant armour.
 11258 | Lair:5   | 11258 ||| ENCHANTING +1 helmet.
 11473 | Lair:5   | 11473 ||| INVOKING Heroism.
 11474 | Lair:5   | 11474 ||| INVOKING Finesse.
 11482 | Lair:5   | Gained mutation: Your large and strong wings let you fly.
                  | [Gargoyle growth]
 11482 | Lair:5   | Reached XP level 14. HP: 90/90 MP: 13/21
 11535 | Lair:5   | Found a burning altar of Makhleb.
 11536 | Lair:5   | 11536 ||| Stepping ~*~*~tactically~*~*~ (hiding).
 11547 | Lair:5   | Reached skill level 15 in Axes
 11561 | Lair:5   | Found a gateway to Hell.
 11981 | Lair:5   | 11981 ||| PLANNING D:1-11
 12100 | D:8      | Found Codyzig's Distillery.
 12103 | D:8      | 12103 ||| BUYING 2 potions of curing (78 gold).
 12103 | D:8      | Bought 2 potions of curing for 78 gold pieces
 12103 | D:8      | 12103 ||| BUYING potion of cancellation (104 gold).
 12103 | D:8      | Bought a potion of cancellation for 104 gold pieces
 12103 | D:8      | 12103 ||| BUYING potion of cancellation (104 gold).
 12103 | D:8      | Bought a potion of cancellation for 104 gold pieces
 12122 | D:8      | 12122 ||| INVOKING Heroism.
 12261 | D:8      | Found a glowing golden altar of the Shining One.
 12353 | D:8      | 12353 ||| Stepping ~*~*~tactically~*~*~ (hiding).
 12579 | D:8      | 12579 ||| INVOKING Heroism.
 12719 | D:8      | 12719 ||| INVOKING Heroism.
 12898 | D:8      | 12898 ||| INVOKING Heroism.
 12901 | D:8      | 12901 ||| DRINKING 10 potions of curing.
 12901 | D:8      | 12901 ||| (to cure confusion)
 13169 | D:7      | Found a basalt altar of Yredelemnul.
 13268 | D:9      | 13268 ||| INVOKING Heroism.
 13459 | D:9      | 13459 ||| INVOKING Heroism.
 13532 | D:9      | 13532 ||| INVOKING Heroism.
 13533 | D:9      | 13533 ||| INVOKING Finesse.
 13891 | D:9      | 13891 ||| Stepping ~*~*~tactically~*~*~ (hiding).
 13906 | D:9      | 13906 ||| Stepping ~*~*~tactically~*~*~ (hiding).
 13909 | D:9      | 13909 ||| Stepping ~*~*~tactically~*~*~ (hiding).
 13918 | D:9      | 13918 ||| Stepping ~*~*~tactically~*~*~ (stealth).
 13928 | D:9      | 13928 ||| INVOKING Heroism.
 13970 | D:9      | Found a staircase to the Orcish Mines.
 13972 | D:9      | 13972 ||| INVOKING Heroism.
 14116 | D:9      | Found a shimmering blue altar of Sif Muna.
 14117 | D:9      | 14117 ||| INVOKING Heroism.
 14209 | D:9      | 14209 ||| DROPPING +2 pair of boots.
 14227 | D:10     | Entered Level 10 of the Dungeon
 14372 | D:10     | 14372 ||| Stepping ~*~*~tactically~*~*~ (hiding).
 14373 | D:10     | 14373 ||| Stepping ~*~*~tactically~*~*~ (hiding).
 14410 | D:10     | 14410 ||| INVOKING Heroism.
 14428 | D:10     | 14428 ||| READING scroll of enchant armour.
 14428 | D:10     | 14428 ||| ENCHANTING +7 plate armour.
 14438 | D:10     | Reached skill level 12 in Fighting
 14460 | D:10     | Found a snail-covered altar of Cheibriados.
 14461 | D:10     | 14461 ||| Stepping ~*~*~tactically~*~*~ (stealth).
 14463 | D:10     | 14463 ||| INVOKING Heroism.
 14640 | D:10     | 14640 ||| Stepping ~*~*~tactically~*~*~ (hiding).
 14641 | D:10     | 14641 ||| Stepping ~*~*~tactically~*~*~ (hiding).
 14643 | D:10     | 14643 ||| Stepping ~*~*~tactically~*~*~ (hiding).
 14970 | D:10     | 14970 ||| READING scroll labelled UJUNUVAIFF.
 15025 | D:11     | 15025 ||| INVOKING Heroism.
 15029 | D:11     | 15029 ||| Stepping ~*~*~tactically~*~*~ (stealth).
 15082 | D:11     | 15082 ||| INVOKING Heroism.
 15083 | D:11     | 15083 ||| INVOKING Finesse.
 15231 | D:11     | Noticed Nergalle
 15247 | D:11     | Killed Nergalle
 15365 | D:11     | You are sucked into a shaft and drop 3 floors!
 15409 | D:14     | 15409 ||| INVOKING Heroism.
 15438 | D:14     | Received a gift from Okawaru
 15440 | D:14     | HP: 16/92 [something/lance of force (14)]
 15441 | D:14     | 15441 ||| READING 2 scrolls of teleportation.
 15443 | D:14     | HP: 6/92 [fire elemental[a deep elf pyromancer] (5)]
 15546 | D:14     | 15546 ||| Invisible monster not found???
 15590 | D:13     | 15590 ||| Stepping ~*~*~tactically~*~*~ (stealth).
 15682 | D:13     | Reached skill level 16 in Axes
 15711 | D:13     | Found Nyasuc's Distillery.
 15720 | D:13     | 15720 ||| BUYING 2 potions of might (96 gold).
 15720 | D:13     | Bought 2 potions of might for 96 gold pieces
 15720 | D:13     | 15720 ||| BUYING potion of attraction (36 gold).
 15720 | D:13     | Bought a potion of attraction for 36 gold pieces
 15720 | D:13     | 15720 ||| BUYING potion of curing (36 gold).
 15720 | D:13     | Bought a potion of curing for 36 gold pieces
 15720 | D:13     | 15720 ||| BUYING potion of curing (36 gold).
 15720 | D:13     | Bought a potion of curing for 36 gold pieces
 15720 | D:13     | 15720 ||| BUYING potion of curing (36 gold).
 15720 | D:13     | Bought a potion of curing for 36 gold pieces
 15720 | D:13     | 15720 ||| BUYING potion of mutation (96 gold).
 15720 | D:13     | Bought a potion of mutation for 96 gold pieces
 15720 | D:13     | 15720 ||| BUYING potion of mutation (96 gold).
 15720 | D:13     | Bought a potion of mutation for 96 gold pieces
 15938 | D:11     | 15938 ||| READING scroll of enchant weapon.
 15938 | D:11     | 15938 ||| ENCHANTING +0 broad axe of draining.
 16077 | D:11     | 16077 ||| Invisible monster not found???
 16335 | D:11     | 16335 ||| PLANNING D
 16355 | D:12     | 16355 ||| STAIRDANCE
 16367 | D:12     | 16367 ||| INVOKING Heroism.
 16374 | D:12     | Received a gift from Okawaru
 16586 | D:12     | Noticed Erolcha
 16587 | D:12     | 16587 ||| Stepping ~*~*~tactically~*~*~ (hiding).
 16589 | D:12     | 16589 ||| Stepping ~*~*~tactically~*~*~ (hiding).
 16591 | D:12     | 16591 ||| Stepping ~*~*~tactically~*~*~ (hiding).
 16592 | D:12     | 16592 ||| INVOKING Heroism.
 16593 | D:12     | 16593 ||| INVOKING Finesse.
 16598 | D:12     | Killed Erolcha
 16742 | D:12     | 16742 ||| Stepping ~*~*~tactically~*~*~ (hiding).
 16746 | D:12     | 16746 ||| Stepping ~*~*~tactically~*~*~ (hiding).
 16757 | D:12     | 16757 ||| Stepping ~*~*~tactically~*~*~ (hiding).
 16765 | D:12     | 16765 ||| Stepping ~*~*~tactically~*~*~ (hiding).
 16785 | D:12     | 16785 ||| INVOKING Heroism.
 16786 | D:12     | 16786 ||| INVOKING Finesse.
 16853 | D:12     | 16853 ||| INVOKING Heroism.
 16854 | D:12     | 16854 ||| INVOKING Finesse.
 16945 | D:12     | Reached skill level 3 in Dodging
 17010 | D:12     | 17010 ||| Stepping ~*~*~tactically~*~*~ (stealth).
 17211 | D:12     | Reached XP level 15. HP: 96/96 MP: 22/22
 17266 | D:12     | 17266 ||| DROPPING ring of see invisible.
 17292 | D:13     | 17292 ||| Stepping ~*~*~tactically~*~*~ (hiding).
 17301 | D:13     | 17301 ||| Stepping ~*~*~tactically~*~*~ (hiding).
 17303 | D:13     | 17303 ||| Stepping ~*~*~tactically~*~*~ (hiding).
 17306 | D:13     | 17306 ||| INVOKING Heroism.
 17353 | D:13     | 17353 ||| Stepping ~*~*~tactically~*~*~ (hiding).
 17362 | D:13     | 17362 ||| INVOKING Finesse.
 17365 | D:13     | 17365 ||| Stepping ~*~*~tactically~*~*~ (hiding).
 17366 | D:13     | 17366 ||| SWAPPING to +1 hand axe of flaming.
 17379 | D:13     | 17379 ||| SWAPPING to +1 broad axe of draining.
 17388 | D:13     | 17388 ||| INVOKING Heroism.
 17393 | D:13     | Found the +10 morningstar "Eos" {elec, Halo rElec}
 17481 | D:13     | Reached skill level 17 in Axes
 17578 | D:13     | Identified the +1 cloak of Kisalah {Drain Will+ Str+4}
 17778 | D:13     | 17778 ||| FLEEEEING.
 17779 | D:13     | 17779 ||| FLEEEEING.
 17780 | D:13     | 17780 ||| FLEEEEING.
 17781 | D:13     | 17781 ||| FLEEEEING.
 17782 | D:13     | 17782 ||| FLEEEEING.
 17783 | D:13     | 17783 ||| FLEEEEING.
 17784 | D:13     | 17784 ||| FLEEEEING.
 17785 | D:13     | 17785 ||| STAIRDANCE
 17887 | D:12     | 17887 ||| UPGRADING to +1 cloak of Kisalah {Drain Will+
                  | Str+4}.
 17895 | D:13     | 17895 ||| FLEEEEING.
 17896 | D:13     | 17896 ||| STAIRDANCE
 18009 | D:13     | 18009 ||| STAIRDANCE
 18151 | D:13     | 18151 ||| Stepping ~*~*~tactically~*~*~ (hiding).
 18162 | D:13     | 18162 ||| INVOKING Heroism.
 18181 | D:13     | 18181 ||| READING scroll of brand weapon.
 18181 | D:13     | 18181 ||| BRANDING +1 broad axe of draining.
 18182 | D:13     | 18182 ||| DROPPING +1 hand axe of flaming.
 18297 | D:14     | 18297 ||| INVOKING Heroism.
 18397 | D:14     | 18397 ||| Stepping ~*~*~tactically~*~*~ (hiding).
 18421 | D:14     | 18421 ||| INVOKING Heroism.
 18432 | D:14     | Received a gift from Okawaru
 18480 | D:14     | 18480 ||| INVOKING Heroism.
 18562 | D:14     | 18562 ||| Stepping ~*~*~tactically~*~*~ (hiding).
 18563 | D:14     | 18563 ||| Stepping ~*~*~tactically~*~*~ (hiding).
 18637 | D:14     | 18637 ||| Stepping ~*~*~tactically~*~*~ (hiding).
 18641 | D:14     | 18641 ||| INVOKING Heroism.
 18657 | D:14     | Reached skill level 12 in Armour
 18672 | D:14     | 18672 ||| Stepping ~*~*~tactically~*~*~ (hiding).
 18674 | D:14     | 18674 ||| Stepping ~*~*~tactically~*~*~ (hiding).
 18697 | D:14     | 18697 ||| INVOKING Heroism.
 18715 | D:14     | 18715 ||| Stepping ~*~*~tactically~*~*~ (hiding).
 18727 | D:14     | Reached ****** piety under Okawaru
 18729 | D:14     | 18729 ||| Stepping ~*~*~tactically~*~*~ (hiding).
 19155 | D:14     | Found a gate to the Vaults.
 19183 | D:14     | 19183 ||| Stepping ~*~*~tactically~*~*~ (stealth).
 19184 | D:14     | 19184 ||| Stepping ~*~*~tactically~*~*~ (stealth).
 19186 | D:14     | 19186 ||| Stepping ~*~*~tactically~*~*~ (hiding).
 19319 | D:14     | 19319 ||| Stepping ~*~*~tactically~*~*~ (stealth).
 19320 | D:14     | 19320 ||| Stepping ~*~*~tactically~*~*~ (stealth).
 19330 | D:14     | 19330 ||| Stepping ~*~*~tactically~*~*~ (stealth).
 19333 | D:14     | 19333 ||| INVOKING Heroism.
 19507 | D:14     | 19507 ||| Stepping ~*~*~tactically~*~*~ (stealth).
 19509 | D:14     | 19509 ||| INVOKING Heroism.
 19512 | D:14     | 19512 ||| Stepping ~*~*~tactically~*~*~ (stealth).
 19515 | D:14     | 19515 ||| Stepping ~*~*~tactically~*~*~ (stealth).
 19516 | D:14     | 19516 ||| Stepping ~*~*~tactically~*~*~ (stealth).
 19524 | D:14     | Received a gift from Okawaru
 19713 | D:14     | 19713 ||| READING scroll labelled OSKORO SISYATS.
 19713 | D:14     | Identified a scroll of acquirement
 19713 | D:14     | 19713 ||| ACQUIRING 746 gold pieces
 19713 | D:14     | Acquired 746 gold pieces
 19731 | D:15     | Entered Level 15 of the Dungeon
 19801 | D:15     | 19801 ||| Stepping ~*~*~tactically~*~*~ (hiding).
 19808 | D:15     | 19808 ||| Stepping ~*~*~tactically~*~*~ (hiding).
 19933 | D:15     | 19933 ||| Stepping ~*~*~tactically~*~*~ (stealth).
 19996 | D:15     | 19996 ||| Stepping ~*~*~tactically~*~*~ (hiding).
 20034 | D:15     | 20034 ||| INVOKING Heroism.
 20039 | D:15     | Reached skill level 6 in Throwing
 20085 | D:15     | Found a blossoming altar of Fedhas.
 20222 | D:15     | Found a staircase to the Depths.
 20223 | D:15     | 20223 ||| INVOKING Heroism.
 20293 | D:15     | 20293 ||| INVOKING Heroism.
 20340 | D:15     | 20340 ||| INVOKING Heroism.
 20543 | D:15     | 20543 ||| Stepping ~*~*~tactically~*~*~ (stealth).
 20546 | D:15     | Reached XP level 16. HP: 104/104 MP: 23/23
 20590 | D:15     | Reached skill level 18 in Axes
 20636 | D:15     | 20636 ||| PLANNING ORC
 20636 | D:15     | 20636 ||| READING 18 scrolls of identify.
 20636 | D:15     | 20636 ||| IDENTIFYING bubbling silvery potion
 20637 | D:15     | 20637 ||| DROPPING potion of invisibility.
 20805 | Orc:1    | Entered Level 1 of the Orcish Mines
 20805 | Orc:1    | You are sucked into a shaft and drop 1 floor!
 20805 | Orc:2    | Entered Level 2 of the Orcish Mines
 20874 | Orc:1    | 20874 ||| INVOKING Heroism.
 20875 | Orc:1    | 20875 ||| INVOKING Finesse.
 20878 | Orc:1    | Identified the +0 chain mail of the King of the Hill {rPois
                  | rCorr Int-3 SInv}
 20884 | Orc:1    | Received a gift from Okawaru
 20914 | Orc:1    | Reached skill level 9 in Shields
 20925 | Orc:1    | 20925 ||| Stepping ~*~*~tactically~*~*~ (hiding).
 20965 | Orc:1    | Identified the +1 chain mail of Juma {rF+}
 21010 | Orc:1    | 21010 ||| INVOKING Heroism.
 21162 | Orc:1    | 21162 ||| DROPPING +2 robe of Pisas {rCorr Str+3}.
 21254 | Orc:2    | Found a staircase to the Elven Halls.
 21263 | Orc:2    | 21263 ||| FLEEEEING.
 21264 | Orc:2    | 21264 ||| STAIRDANCE
 21373 | Orc:1    | 21373 ||| INVOKING Heroism.
 21478 | Orc:2    | 21478 ||| STAIRDANCE
 21480 | Orc:1    | 21480 ||| INVOKING Heroism.
 21498 | Orc:2    | 21498 ||| STAIRDANCE
 21516 | Orc:2    | 21516 ||| STAIRDANCE
 21524 | Orc:2    | 21524 ||| STAIRDANCE
 21531 | Orc:2    | 21531 ||| STAIRDANCE
 21552 | Orc:2    | 21552 ||| STAIRDANCE
 21557 | Orc:2    | 21557 ||| STAIRDANCE
 21565 | Orc:2    | 21565 ||| STAIRDANCE
 21569 | Orc:2    | 21569 ||| STAIRDANCE
 21584 | Orc:2    | 21584 ||| STAIRDANCE
 21589 | Orc:2    | 21589 ||| STAIRDANCE
 21591 | Orc:1    | 21591 ||| INVOKING Heroism.
 21614 | Orc:2    | 21614 ||| STAIRDANCE
 21630 | Orc:2    | 21630 ||| STAIRDANCE
 21652 | Orc:2    | 21652 ||| STAIRDANCE
 21662 | Orc:2    | 21662 ||| STAIRDANCE
 21669 | Orc:2    | 21669 ||| STAIRDANCE
 21671 | Orc:1    | 21671 ||| INVOKING Heroism.
 21700 | Orc:2    | 21700 ||| Stepping ~*~*~tactically~*~*~ (hiding).
 21702 | Orc:2    | 21702 ||| STAIRDANCE
 21818 | Orc:2    | 21818 ||| Stepping ~*~*~tactically~*~*~ (stealth).
 21819 | Orc:2    | 21819 ||| Stepping ~*~*~tactically~*~*~ (stealth).
 21825 | Orc:2    | 21825 ||| INVOKING Heroism.
 21861 | Orc:2    | 21861 ||| INVOKING Heroism.
 21863 | Orc:2    | 21863 ||| INVOKING Finesse.
 21889 | Orc:2    | 21889 ||| FLEEEEING.
 21962 | Orc:2    | 21962 ||| Stepping ~*~*~tactically~*~*~ (hiding).
 21963 | Orc:2    | 21963 ||| Stepping ~*~*~tactically~*~*~ (hiding).
 21980 | Orc:2    | 21980 ||| Stepping ~*~*~tactically~*~*~ (stealth).
 21982 | Orc:2    | 21982 ||| Stepping ~*~*~tactically~*~*~ (hiding).
 21987 | Orc:2    | 21987 ||| INVOKING Heroism.
 21989 | Orc:2    | 21989 ||| Stepping ~*~*~tactically~*~*~ (hiding).
 21999 | Orc:2    | 21999 ||| INVOKING Finesse.
 22025 | Orc:2    | 22025 ||| Stepping ~*~*~tactically~*~*~ (stealth).
 22047 | Orc:2    | Found Enloamne's Assorted Antiques.
 22047 | Orc:2    | Found Ciesant's Armour Emporium.
 22048 | Orc:2    | 22048 ||| Stepping ~*~*~tactically~*~*~ (hiding).
 22049 | Orc:2    | 22049 ||| Stepping ~*~*~tactically~*~*~ (hiding).
 22084 | Orc:2    | 22084 ||| BUYING large marble ring (125 gold).
 22084 | Orc:2    | Bought a large marble ring for 125 gold pieces
 22117 | Orc:2    | Found Oximumeh's Jewellery Emporium.
 22119 | Orc:2    | 22119 ||| Stepping ~*~*~tactically~*~*~ (stealth).
 22120 | Orc:2    | 22120 ||| INVOKING Heroism.
 22137 | Orc:2    | Received a gift from Okawaru
 22180 | Orc:2    | 22180 ||| BUYING amulet of Kemethy {Acrobat +Inv rC+ Will+
                  | Regen+} (679 gold).
 22180 | Orc:2    | Bought the amulet of Kemethy {Acrobat +Inv rC+ Will+
                  | Regen+} for 679 gold pieces
 22180 | Orc:2    | 22180 ||| BUYING ring of protection from fire (300 gold).
 22180 | Orc:2    | Bought a ring of protection from fire for 300 gold pieces
 22180 | Orc:2    | 22180 ||| BUYING ring of resist corrosion (240 gold).
 22180 | Orc:2    | Bought a ring of resist corrosion for 240 gold pieces
 22209 | Orc:2    | 22209 ||| Stepping ~*~*~tactically~*~*~ (stealth).
 22238 | Orc:2    | 22238 ||| INVOKING Heroism.
 22239 | Orc:2    | 22239 ||| INVOKING Finesse.
 22391 | Orc:2    | 22391 ||| INVOKING Heroism.
 22417 | Orc:2    | 22417 ||| Stepping ~*~*~tactically~*~*~ (stealth).
 22419 | Orc:2    | 22419 ||| Stepping ~*~*~tactically~*~*~ (hiding).
 22420 | Orc:2    | 22420 ||| Stepping ~*~*~tactically~*~*~ (hiding).
 22564 | Orc:2    | Found Moffuus's General Store.
 22564 | Orc:2    | Found Amuybuu's Distillery.
 22578 | Orc:2    | 22578 ||| BUYING potion of curing (33 gold).
 22578 | Orc:2    | Bought a potion of curing for 33 gold pieces
 22578 | Orc:2    | 22578 ||| BUYING potion of heal wounds (55 gold).
 22578 | Orc:2    | Bought a potion of heal wounds for 55 gold pieces
 22578 | Orc:2    | 22578 ||| BUYING potion of resistance (110 gold).
 22578 | Orc:2    | Bought a potion of resistance for 110 gold pieces
 22618 | Orc:2    | 22618 ||| PLANNING SWAMP:1-3
 22618 | Orc:2    | 22618 ||| UPGRADING to amulet of Kemethy {Acrobat +Inv rC+
                  | Will+ Regen+}.
 22628 | Orc:2    | 22628 ||| DROPPING amulet of regeneration.
 22629 | Orc:2    | 22629 ||| DROPPING ring of fire.
 22844 | Swamp:1  | Entered Level 1 of the Swamp
 22845 | Swamp:1  | 22845 ||| INVOKING Heroism.
 22868 | Swamp:1  | Received a gift from Okawaru
 22945 | Swamp:1  | 22945 ||| SWAPPING to +1 broad axe of electrocution.
 22952 | Swamp:1  | 22952 ||| Stepping ~*~*~tactically~*~*~ (hiding).
 22970 | Swamp:1  | 22970 ||| Stepping ~*~*~tactically~*~*~ (stealth).
 22983 | Swamp:1  | 22983 ||| Stepping ~*~*~tactically~*~*~ (hiding).
 23043 | Swamp:1  | 23043 ||| Stepping ~*~*~tactically~*~*~ (stealth).
 23140 | Swamp:1  | 23140 ||| READING scroll of enchant armour.
 23140 | Swamp:1  | 23140 ||| ENCHANTING +8 plate armour.
 23189 | Swamp:1  | 23189 ||| Stepping ~*~*~tactically~*~*~ (hiding).
 23192 | Swamp:1  | 23192 ||| INVOKING Heroism.
 23213 | Swamp:1  | 23213 ||| Stepping ~*~*~tactically~*~*~ (stealth).
 23217 | Swamp:1  | 23217 ||| Stepping ~*~*~tactically~*~*~ (hiding).
 23311 | Swamp:1  | 23311 ||| Stepping ~*~*~tactically~*~*~ (hiding).
 23314 | Swamp:1  | 23314 ||| INVOKING Heroism.
 23329 | Swamp:1  | Reached skill level 15 in Fighting
 23415 | Swamp:1  | 23415 ||| INVOKING Heroism.
 23416 | Swamp:1  | 23416 ||| INVOKING Finesse.
 23420 | Swamp:1  | 23420 ||| SWAPPING to +1 broad axe of flaming.
 23424 | Swamp:1  | 23424 ||| SWAPPING to +1 broad axe of electrocution.
 23456 | Swamp:1  | 23456 ||| Stepping ~*~*~tactically~*~*~ (stealth).
 23460 | Swamp:1  | 23460 ||| Stepping ~*~*~tactically~*~*~ (stealth).
 23462 | Swamp:1  | 23462 ||| Stepping ~*~*~tactically~*~*~ (hiding).
 23691 | Swamp:1  | 23691 ||| READING 17 scrolls of identify.
 23691 | Swamp:1  | 23691 ||| IDENTIFYING murky cyan potion
 23692 | Swamp:1  | 23692 ||| DROPPING potion of ambrosia.
 23879 | Swamp:2  | 23879 ||| INVOKING Heroism.
 23894 | Swamp:2  | 23894 ||| Stepping ~*~*~tactically~*~*~ (hiding).
 23929 | Swamp:2  | 23929 ||| INVOKING Heroism.
 23937 | Swamp:2  | Received a gift from Okawaru
 23940 | Swamp:2  | HP: 22/108 [spriggan rider/+0 spear (14)]
 23941 | Swamp:2  | 23941 ||| READING 6 scrolls of teleportation.
 23942 | Swamp:2  | 23942 ||| DRINKING 3 potions of heal wounds.
 23982 | Swamp:2  | 23982 ||| Stepping ~*~*~tactically~*~*~ (stealth).
 23999 | Swamp:2  | 23999 ||| Stepping ~*~*~tactically~*~*~ (stealth).
 24005 | Swamp:2  | 24005 ||| INVOKING Heroism.
 24099 | Swamp:2  | 24099 ||| Stepping ~*~*~tactically~*~*~ (hiding).
 24134 | Swamp:2  | 24134 ||| INVOKING Heroism.
 24135 | Swamp:2  | 24135 ||| INVOKING Finesse.
 24136 | Swamp:2  | 24136 ||| SWAPPING to +1 broad axe of flaming.
 24140 | Swamp:2  | 24140 ||| SWAPPING to +1 broad axe of electrocution.
 24236 | Swamp:2  | 24236 ||| INVOKING Heroism.
 24487 | Swamp:2  | 24487 ||| Stepping ~*~*~tactically~*~*~ (stealth).
 24489 | Swamp:2  | 24489 ||| INVOKING Heroism.
 24510 | Swamp:2  | 24510 ||| UPGRADING to +2 pair of gloves.
 24526 | Swamp:3  | Identified the +4 ring mail "Trusted Companion" {Rampage
                  | MP+9 Int+2} (Okawaru gifted it to you on level 3 of the
                  | Swamp)
 24526 | Swamp:3  | Received a gift from Okawaru
 24529 | Swamp:3  | 24529 ||| INVOKING Finesse.
 24531 | Swamp:3  | 24531 ||| SWAPPING to +1 broad axe of flaming.
 24540 | Swamp:3  | Reached XP level 17. HP: 110/113 MP: 19/24
 24540 | Swamp:3  | 24540 ||| SWAPPING to +1 broad axe of electrocution.
 24568 | Swamp:3  | 24568 ||| Stepping ~*~*~tactically~*~*~ (hiding).
 24592 | Swamp:3  | 24592 ||| Stepping ~*~*~tactically~*~*~ (hiding).
 24593 | Swamp:3  | 24593 ||| Stepping ~*~*~tactically~*~*~ (hiding).
 24632 | Swamp:3  | 24632 ||| Stepping ~*~*~tactically~*~*~ (hiding).
 24635 | Swamp:3  | 24635 ||| INVOKING Heroism.
 24650 | Swamp:3  | 24650 ||| Stepping ~*~*~tactically~*~*~ (hiding).
 24652 | Swamp:3  | 24652 ||| Stepping ~*~*~tactically~*~*~ (hiding).
 24654 | Swamp:3  | 24654 ||| SWAPPING to +1 broad axe of flaming.
 24658 | Swamp:3  | 24658 ||| SWAPPING to +1 broad axe of electrocution.
 24659 | Swamp:3  | 24659 ||| INVOKING Finesse.
 25171 | Swamp:3  | 25171 ||| PLANNING SNAKE:1-3
 25250 | Snake:1  | Entered Level 1 of the Snake Pit
 25251 | Snake:1  | 25251 ||| INVOKING Heroism.
 25433 | Snake:1  | 25433 ||| INVOKING Heroism.
 25443 | Snake:1  | Reached skill level 15 in Armour
 25565 | Snake:1  | 25565 ||| Stepping ~*~*~tactically~*~*~ (hiding).
 25742 | Snake:1  | 25742 ||| Stepping ~*~*~tactically~*~*~ (hiding).
 25744 | Snake:1  | 25744 ||| Stepping ~*~*~tactically~*~*~ (hiding).
 25964 | Snake:2  | 25964 ||| INVOKING Heroism.
 26015 | Snake:2  | 26015 ||| INVOKING Heroism.
 26092 | Snake:2  | 26092 ||| READING scroll of brand weapon.
 26092 | Snake:2  | 26092 ||| BRANDING +1 broad axe of electrocution.
 26093 | Snake:2  | 26093 ||| DROPPING +1 broad axe of flaming.
 26223 | Snake:2  | 26223 ||| READING scroll of acquirement.
 26223 | Snake:2  | 26223 ||| ACQUIRING +1 kite shield "Zoet Jucas" {rN+}
 26223 | Snake:2  | Acquired the +1 kite shield "Zoet Jucas" {rN+}
 26225 | Snake:2  | 26225 ||| UPGRADING to +0 kite shield.
 26235 | Snake:2  | 26235 ||| DROPPING +0 buckler.
 26236 | Snake:2  | 26236 ||| UPGRADING to +1 kite shield "Zoet Jucas" {rN+}.
 26246 | Snake:2  | 26246 ||| DROPPING +0 kite shield.
 26252 | Snake:2  | 26252 ||| Stepping ~*~*~tactically~*~*~ (stealth).
 26263 | Snake:2  | Received a gift from Okawaru
 26264 | Snake:2  | 26264 ||| Stepping ~*~*~tactically~*~*~ (hiding).
 26265 | Snake:2  | 26265 ||| Stepping ~*~*~tactically~*~*~ (hiding).
 26266 | Snake:2  | 26266 ||| Stepping ~*~*~tactically~*~*~ (hiding).
 26268 | Snake:2  | 26268 ||| INVOKING Heroism.
 26351 | Snake:2  | 26351 ||| Stepping ~*~*~tactically~*~*~ (hiding).
 26604 | Snake:3  | Noticed Nikola
 26605 | Snake:3  | 26605 ||| STAIRDANCE
 26606 | Snake:3  | 26606 ||| INVOKING Heroism.
 26607 | Snake:3  | 26607 ||| INVOKING Finesse.
 26608 | Snake:3  | 26608 ||| INVOKING Finesse.
 26623 | Snake:3  | HP: 14/113 [Nikola/arc of chain lightning (33)]
 26624 | Snake:3  | 26624 ||| READING 5 scrolls of teleportation.
 26625 | Snake:3  | 26625 ||| DRINKING 4 potions of heal wounds.
 26628 | Snake:3  | Killed Nikola
 26628 | Snake:3  | Received a gift from Okawaru
 26650 | Snake:3  | 26650 ||| Stepping ~*~*~tactically~*~*~ (stealth).
 26689 | Snake:3  | 26689 ||| Stepping ~*~*~tactically~*~*~ (stealth).
 26699 | Snake:3  | Noticed Aizul
 26700 | Snake:3  | 26700 ||| Stepping ~*~*~tactically~*~*~ (stealth).
 26701 | Snake:3  | 26701 ||| Stepping ~*~*~tactically~*~*~ (stealth).
 26716 | Snake:3  | 26716 ||| Stepping ~*~*~tactically~*~*~ (stealth).
 26717 | Snake:3  | 26717 ||| INVOKING Heroism.
 26718 | Snake:3  | 26718 ||| INVOKING Finesse.
 26734 | Snake:3  | Killed Aizul
 26788 | Snake:3  | 26788 ||| Stepping ~*~*~tactically~*~*~ (stealth).
 26793 | Snake:3  | 26793 ||| Stepping ~*~*~tactically~*~*~ (stealth).
 26827 | Snake:3  | 26827 ||| Stepping ~*~*~tactically~*~*~ (hiding).
 26828 | Snake:3  | 26828 ||| INVOKING Heroism.
 26958 | Snake:3  | 26958 ||| Stepping ~*~*~tactically~*~*~ (stealth).
 26967 | Snake:3  | Reached skill level 12 in Shields
 26979 | Snake:3  | 26979 ||| Stepping ~*~*~tactically~*~*~ (hiding).
 27305 | Snake:3  | 27305 ||| INVOKING Heroism.
 27441 | Snake:3  | 27441 ||| Stepping ~*~*~tactically~*~*~ (stealth).
 27481 | Snake:3  | 27481 ||| READING scroll of brand weapon.
 27481 | Snake:3  | 27481 ||| BRANDING +1 broad axe of flaming.
 27544 | Snake:3  | Received a gift from Okawaru
 27597 | Snake:3  | 27597 ||| Stepping ~*~*~tactically~*~*~ (hiding).
 27607 | Snake:3  | Reached XP level 18. HP: 120/120 MP: 25/25
 27614 | Snake:3  | 27614 ||| DROPPING +0 morningstar.
 27619 | Snake:3  | 27619 ||| INVOKING Heroism.
 27730 | Snake:3  | 27730 ||| INVOKING Heroism.
 27907 | Snake:3  | 27907 ||| Stepping ~*~*~tactically~*~*~ (hiding).
 27909 | Snake:3  | 27909 ||| Stepping ~*~*~tactically~*~*~ (hiding).
 28058 | Snake:3  | 28058 ||| Stepping ~*~*~tactically~*~*~ (hiding).
 28059 | Snake:3  | 28059 ||| Stepping ~*~*~tactically~*~*~ (hiding).
 28061 | Snake:3  | 28061 ||| Stepping ~*~*~tactically~*~*~ (hiding).
 28327 | Snake:3  | 28327 ||| PLANNING SWAMP:4
 28327 | Snake:3  | 28327 ||| DROPPING ring of ice.
 28488 | Swamp:4  | Entered Level 4 of the Swamp
 28491 | Swamp:4  | 28491 ||| INVOKING Heroism.
 28497 | Swamp:4  | Received a gift from Okawaru
 28546 | Swamp:4  | Received a gift from Okawaru
 28571 | Swamp:4  | 28571 ||| INVOKING Heroism.
 28586 | Swamp:4  | 28586 ||| FLEEEEING.
 28587 | Swamp:4  | 28587 ||| FLEEEEING.
 28588 | Swamp:4  | 28588 ||| FLEEEEING.
 28589 | Swamp:4  | 28589 ||| FLEEEEING.
 28590 | Swamp:4  | 28590 ||| FLEEEEING.
 28591 | Swamp:4  | 28591 ||| FLEEEEING.
 28592 | Swamp:4  | 28592 ||| FLEEEEING.
 28600 | Swamp:4  | Reached skill level 15 in Shields
 28602 | Swamp:4  | 28602 ||| STAIRDANCE
 28690 | Swamp:4  | 28690 ||| INVOKING Heroism.
 28713 | Swamp:4  | Received a gift from Okawaru
 28731 | Swamp:4  | 28731 ||| Stepping ~*~*~tactically~*~*~ (stealth).
 28732 | Swamp:4  | 28732 ||| Stepping ~*~*~tactically~*~*~ (stealth).
 28733 | Swamp:4  | 28733 ||| Stepping ~*~*~tactically~*~*~ (stealth).
 28734 | Swamp:4  | 28734 ||| Stepping ~*~*~tactically~*~*~ (stealth).
 28735 | Swamp:4  | 28735 ||| Stepping ~*~*~tactically~*~*~ (stealth).
 28736 | Swamp:4  | 28736 ||| Stepping ~*~*~tactically~*~*~ (stealth).
 28787 | Swamp:4  | Got a decaying rune of Zot
 28820 | Swamp:4  | 28820 ||| INVOKING Heroism.
 28833 | Swamp:4  | Noticed Kirke
 28840 | Swamp:4  | 28840 ||| Stepping ~*~*~tactically~*~*~ (stealth).
 28842 | Swamp:4  | Killed Kirke
 28844 | Swamp:4  | 28844 ||| Stepping ~*~*~tactically~*~*~ (stealth).
 28860 | Swamp:4  | 28860 ||| Stepping ~*~*~tactically~*~*~ (hiding).
 28861 | Swamp:4  | 28861 ||| Stepping ~*~*~tactically~*~*~ (hiding).
 28862 | Swamp:4  | 28862 ||| Stepping ~*~*~tactically~*~*~ (hiding).
 28863 | Swamp:4  | 28863 ||| Stepping ~*~*~tactically~*~*~ (hiding).
 28864 | Swamp:4  | 28864 ||| Stepping ~*~*~tactically~*~*~ (hiding).
 28865 | Swamp:4  | 28865 ||| INVOKING Heroism.
 28919 | Swamp:4  | 28919 ||| Stepping ~*~*~tactically~*~*~ (hiding).
 28975 | Swamp:4  | 28975 ||| Stepping ~*~*~tactically~*~*~ (hiding).
 28976 | Swamp:4  | 28976 ||| Stepping ~*~*~tactically~*~*~ (hiding).
 28989 | Swamp:4  | Found a runed translucent gate.
 28989 | Swamp:4  | Found a runed translucent gate.
 28989 | Swamp:4  | Found a runed translucent gate.
 29024 | Swamp:4  | Noticed qw's ghost (adept GrFi)
 29106 | Swamp:4  | 29106 ||| Stepping ~*~*~tactically~*~*~ (hiding).
 29369 | Swamp:4  | 29369 ||| PLANNING VAULTS:1-4
 29673 | Vaults:1 | Entered Level 1 of the Vaults
 29682 | Vaults:1 | Received a gift from Okawaru
 29737 | Vaults:1 | 29737 ||| DROPPING +1 war axe of electrocution.
 29772 | Vaults:1 | 29772 ||| INVOKING Heroism.
 29773 | Vaults:1 | 29773 ||| INVOKING Finesse.
 29846 | Vaults:1 | 29846 ||| READING scroll of acquirement.
 29846 | Vaults:1 | 29846 ||| ACQUIRING +1 pair of boots of Subjectivity {rF+}
 29846 | Vaults:1 | Acquired the +1 pair of boots of Subjectivity {rF+}
 29848 | Vaults:1 | 29848 ||| UPGRADING to +1 pair of boots of Subjectivity
                  | {rF+}.
 29910 | Vaults:1 | 29910 ||| INVOKING Heroism.
 29912 | Vaults:1 | 29912 ||| INVOKING Finesse.
 29914 | Vaults:1 | 29914 ||| Stepping ~*~*~tactically~*~*~ (hiding).
 29982 | Vaults:1 | 29982 ||| INVOKING Heroism.
 29983 | Vaults:1 | 29983 ||| INVOKING Finesse.
 30061 | Vaults:1 | 30061 ||| Stepping ~*~*~tactically~*~*~ (hiding).
 30071 | Vaults:1 | Reached skill level 9 in Throwing
 30071 | Vaults:1 | 30071 ||| Stepping ~*~*~tactically~*~*~ (hiding).
 30077 | Vaults:1 | 30077 ||| Stepping ~*~*~tactically~*~*~ (hiding).
 30088 | Vaults:1 | 30088 ||| Stepping ~*~*~tactically~*~*~ (hiding).
 30089 | Vaults:1 | 30089 ||| Stepping ~*~*~tactically~*~*~ (hiding).
 30098 | Vaults:1 | Received a gift from Okawaru
 30170 | Vaults:1 | 30170 ||| INVOKING Heroism.
 30172 | Vaults:1 | 30172 ||| Stepping ~*~*~tactically~*~*~ (stealth).
 30249 | Vaults:1 | 30249 ||| Stepping ~*~*~tactically~*~*~ (hiding).
 30392 | Vaults:1 | 30392 ||| Stepping ~*~*~tactically~*~*~ (stealth).
 30397 | Vaults:1 | 30397 ||| Stepping ~*~*~tactically~*~*~ (stealth).
 30398 | Vaults:1 | 30398 ||| Stepping ~*~*~tactically~*~*~ (stealth).
 30399 | Vaults:1 | 30399 ||| Stepping ~*~*~tactically~*~*~ (stealth).
 30405 | Vaults:1 | 30405 ||| INVOKING Heroism.
 30429 | Vaults:1 | Reached XP level 19. HP: 127/127 MP: 26/26
 30439 | Vaults:1 | Received a gift from Okawaru
 30458 | Vaults:1 | 30458 ||| INVOKING Heroism.
 30498 | Vaults:1 | Received a gift from Okawaru
 30705 | Vaults:1 | 30705 ||| READING scroll of enchant weapon.
 30705 | Vaults:1 | 30705 ||| ENCHANTING +1 broad axe of draining.
 30820 | Vaults:1 | 30820 ||| Stepping ~*~*~tactically~*~*~ (hiding).
 30824 | Vaults:1 | 30824 ||| INVOKING Heroism.
 30825 | Vaults:1 | 30825 ||| INVOKING Finesse.
 30830 | Vaults:1 | HP: 29/128 [war gargoyle/+0 morningstar[a peacekeeper] (8)]
 30831 | Vaults:1 | 30831 ||| READING 7 scrolls of teleportation.
 30832 | Vaults:1 | 30832 ||| DRINKING 4 potions of heal wounds.
 30945 | Vaults:1 | 30945 ||| INVOKING Heroism.
 30946 | Vaults:1 | 30946 ||| INVOKING Finesse.
 31012 | Vaults:1 | 31012 ||| Stepping ~*~*~tactically~*~*~ (hiding).
 31013 | Vaults:1 | 31013 ||| Stepping ~*~*~tactically~*~*~ (hiding).
 31200 | Vaults:1 | 31200 ||| READING scroll of enchant armour.
 31200 | Vaults:1 | 31200 ||| ENCHANTING +9 plate armour.
 31266 | Vaults:2 | 31266 ||| INVOKING Heroism.
 31267 | Vaults:2 | 31267 ||| STAIRDANCE
 31316 | Vaults:2 | 31316 ||| INVOKING Heroism.
 31358 | Vaults:2 | 31358 ||| INVOKING Finesse.
 31394 | Vaults:2 | Found a staircase to the Crypt.
 31447 | Vaults:2 | 31447 ||| FLEEEEING.
 31448 | Vaults:2 | 31448 ||| FLEEEEING.
 31449 | Vaults:2 | 31449 ||| FLEEEEING.
 31450 | Vaults:2 | 31450 ||| FLEEEEING.
 31451 | Vaults:2 | 31451 ||| FLEEEEING.
 31452 | Vaults:2 | 31452 ||| FLEEEEING.
 31453 | Vaults:2 | 31453 ||| FLEEEEING.
 31454 | Vaults:2 | 31454 ||| FLEEEEING.
 31463 | Vaults:2 | 31463 ||| INVOKING Heroism.
 31470 | Vaults:2 | Noticed Jory
 31471 | Vaults:2 | 31471 ||| INVOKING Finesse.
 31488 | Vaults:2 | Received a gift from Okawaru
 31530 | Vaults:2 | Killed from afar by Jory

Levels and vault maps discovered:
D:1:      roderic_dead_forest, layout_basic
D:2:      layout_loops_ring, chequers_ecumenical_altar_simple_redux,
          serial_shops, nicolae_shop_behind_doors, minmay_box_of_dots
D:3:      layout_rooms, zin_statuary, amcnicky_altar_gilded,
          hellmonk_ghost_happy_afterlife, serial_shops,
          nicolae_shop_advertising_works [nicolae_subvault_shop_adworks],
          minmay_misc_feat_rugged, nrook_mini_vaults
D:4:      layout_rooms, minmay_quadrilaterals
D:5:      layout_cave_pools, lemuel_tele_altar, minmay_temple_entry_hall,
          serial_bayou, serial_bayou_shore_a, serial_bayou_lake_a,
          serial_bayou_ford_a, serial_bayou_pond_e, serial_bayou_lagoon_a,
          serial_bayou_lagoon_b
D:6:      minmay_chambers_of_sixes, layout_rooms, mainiacjoe_overflow_alcove_2,
          uniq_prince_ribbit1
D:7:      layout_loops_corners, okawaru_ov_weapons_minmay,
          mainiacjoe_overflow_alcove_1, nicolae_overflow_hidden_temple,
          gammafunk_temple_overflow_claw
D:8:      layout_cave_pods, tso_altar, david_lair_generic, enter_ossuary_2,
          serial_shops, nicolae_shop_behind_doors, chequers_arboretum,
          minmay_joined_circles, uniq_joseph
D:9:      lemuel_ice_spiral_2, layout_irregular_city, kennysheep_orc_sif_temple,
          erik_orc_1, minivault_14
D:10:     layout_loops_ring, cheibriados_altar_1
D:11:     layout_long_grid, kennysheep_donut, chequers_serial_rivers_room_b,
          minmay_diced_spiral, uniq_nergalle
D:12:     layout_irregular_city, uniq_erolcha
D:13:     minmay_big_diamond_grid, layout_long_grid, serial_shops,
          nicolae_shop_competitors_out_of_business, grunt_ministairs_11
D:14:     layout_stronghold, hangedman_vaults_entry_quadrant_bands,
          hangedman_decor_opposing
D:15:     grunt_enter_depths_snipers, layout_loops_ring, fedhas_altar_fruit_tree
Temple:   hellmonk_temple_of_storms
Lair:1:   layout_gridlike, chequers_serial_rivers_large_b
Lair:2:   layout_gridlike, minivault_27
Lair:3:   layout_roguey, minmay_swamp_entry_reptiles,
          minmay_snake_entry_six_corridors, gauntlet_entry_generic,
          beast_lair_carwin_9, grunt_megastairs_5, infiniplex_staircase_pool_2,
          uniq_sonja, uniq_josephine
Lair:4:   layout_cave_pods, nicolae_slime_entry_slimehenge, basic_altar,
          serial_bayou_pond_b, beast_lair_carwin_2
Lair:5:   evil_forest, layout_gridlike, minivault_26
Swamp:1:  layout_basic_swamp, nicolae_swamp_big_swirl, swamp_pool4,
          infiniplex_staircase_pool
Swamp:2:  layout_basic_swamp, nicolae_swamp_little_tower
Swamp:3:  layout_basic_swamp, evilmike_swamp_ruin_wall
Swamp:4:  swamp, layout_basic_swamp, gammafunk_ghost_necromancy, uniq_kirke
Snake:1:  layout_rooms
Snake:2:  layout_cave_shapes
Snake:3:  hangedman_cross_veins, layout_chambers, lemuel_fruit_tree, uniq_aizul,
          uniq_nikola
Orc:1:    layout_caves, statue_in_the_mist_lemuel, elf_legates
Orc:2:    st_orc_town, layout_caves, serial_shops, shop
Vaults:1: v_rooms_6, nicolae_vaults_little_squares_1, nicolae_vaults_big_ls,
          v_misc_17, ontoclasm_vaults_ring_square,
          nicolae_vaults_network_periphery, nicolae_vaults_murderbox,
          vaults_dpeg_encased_lava, nicolae_vaults_network_quincunx
          [nicolae_vaults_network_quincunx_subvault,
          nicolae_vaults_network_quincunx_subvault,
          nicolae_vaults_network_quincunx_subvault,
          nicolae_vaults_network_quincunx_subvault,
          nicolae_vaults_network_quincunx_subvault], layout_vaults_maze_bifur
Vaults:2: minmay_crypt_entry_nasty_monster, v_misc_11, grunt_vaults_twisty,
          nicolae_vaults_rhombus_5, nicolae_vaults_little_squares_3,
          layout_vaults_omnigrid, serial_shops, nicolae_shop_statue_plus,
          uniq_jory

Skill      XL: |  1  2  3  4  5  6  7  8  9 10 11 12 13 14 15 16 17 18 19 |
---------------+----------------------------------------------------------+-----
Axes           | 2 3 5 6 7 8 10 11 12 13 14 16 17 18 | 18.0
Fighting       | 4 5 6 7 9 10 11 12 13 15 16 17 | 17.0
Dodging        | 1 2 3 4 |  4.0
Armour         | 5 6 8 9 10 11 12 14 15 16 17 | 17.0
Shields        | 4 5 6 7 8 9 13 15 16 | 16.0
Invocations    | 4 6 10 | 10.0
Throwing       | 3 5 6 7 9 |  9.3

Action                   |  1- 3 |  4- 6 |  7- 9 | 10-12 | 13-15 | 16-18 | 19-21 || total
-------------------------+-------+-------+-------+-------+-------+-------+-------++-------
Melee: War axe           |   105 |    93 |   286 |   155 |       |       |       ||   639
       Broad axe         |       |       |       |   417 |  1207 |  1453 |   249 ||  3326
       Hand axe          |       |       |       |       |    12 |       |       ||    12
Throw: Javelin           |       |       |       |    33 |    88 |    29 |     6 ||   156
       Boomerang         |       |       |       |       |    43 |    80 |     2 ||   125
Invok: Heroism           |       |       |       |    27 |    41 |    44 |     6 ||   118
       Finesse           |       |       |       |     1 |     9 |    13 |     4 ||    27
  Use: Scroll            |     2 |     8 |    13 |    13 |     7 |     9 |     3 ||    55
       Potion            |       |     2 |     4 |     5 |     1 |     2 |     1 ||    15
 Stab: Confused          |       |       |       |     1 |       |     1 |       ||     2
       Distracted        |       |       |       |       |     1 |       |       ||     1
Armor: Scale mail        |    39 |    17 |       |       |       |       |       ||    56
       Chain mail        |       |    27 |   200 |   122 |       |       |       ||   349
       Plate armour      |       |       |       |   195 |   672 |   907 |   127 ||  1901
Dodge: Dodged            |    42 |    29 |   121 |   238 |   571 |   740 |   101 ||  1842
Block: Buckler           |    19 |    18 |    52 |   125 |   304 |   177 |       ||   695
       Kite shield       |       |       |       |       |       |   473 |   175 ||   648

Table legend:
 A = Non-vault XP
 B = Vault XP
 C = Vault XP percentage of total XP
 D = Non-vault monster count
 E = Vault monster count
 F = Vault count percentage of total count
                 A         B        C        D         E       F
            +---------+---------+-------+---------+---------+-------
      Total |  229444 |  132622 |  36.6 |     734 |     361 |  33.0
            +---------+---------+-------+---------+---------+-------
        D:1 |      42 |       0 |   0.0 |      25 |       0 |   0.0
        D:2 |      33 |       7 |  17.5 |      16 |       4 |  20.0
        D:3 |      36 |       0 |   0.0 |      13 |       0 |   0.0
        D:4 |     426 |      16 |   3.6 |      17 |       5 |  22.7
        D:5 |     813 |     259 |  24.2 |      22 |       1 |   4.3
        D:6 |    1029 |    1068 |  50.9 |      17 |       4 |  19.0
        D:7 |    1388 |       0 |   0.0 |      30 |       0 |   0.0
        D:8 |    1387 |    4084 |  74.6 |      25 |      21 |  45.7
        D:9 |    3029 |     851 |  21.9 |      24 |      22 |  47.8
       D:10 |    3267 |       0 |   0.0 |      21 |       0 |   0.0
       D:11 |    4143 |    2939 |  41.5 |      15 |       6 |  28.6
       D:12 |    8067 |     888 |   9.9 |      28 |       1 |   3.4
       D:13 |    3738 |   12340 |  76.8 |       8 |      27 |  77.1
       D:14 |   11196 |    7227 |  39.2 |      37 |      19 |  33.9
       D:15 |   12965 |    2742 |  17.5 |      33 |       3 |   8.3
     Lair:1 |    1807 |       0 |   0.0 |      10 |       0 |   0.0
     Lair:2 |    5428 |       0 |   0.0 |      21 |       0 |   0.0
     Lair:3 |    4717 |    6704 |  58.7 |      21 |      24 |  53.3
     Lair:4 |    7198 |    1406 |  16.3 |      27 |      11 |  28.9
     Lair:5 |    6771 |    8831 |  56.6 |      20 |      26 |  56.5
    Swamp:1 |   13697 |       0 |   0.0 |      27 |       0 |   0.0
    Swamp:2 |   12909 |       0 |   0.0 |      27 |       0 |   0.0
    Swamp:3 |    9169 |       0 |   0.0 |      18 |       0 |   0.0
    Swamp:4 |    8673 |   17054 |  66.3 |      16 |      27 |  62.8
    Snake:1 |   13032 |       0 |   0.0 |      31 |       0 |   0.0
    Snake:2 |   17603 |       0 |   0.0 |      38 |       0 |   0.0
    Snake:3 |   19419 |   15258 |  44.0 |      34 |      22 |  39.3
      Orc:1 |    7113 |    6397 |  47.4 |      29 |      26 |  47.3
      Orc:2 |     582 |    6615 |  91.9 |      12 |      42 |  77.8
   Vaults:1 |   27610 |   29220 |  51.4 |      41 |      36 |  46.8
   Vaults:2 |   22157 |    3624 |  14.1 |      31 |       3 |   8.8
    Ossuary |       0 |     149 | 100.0 |       0 |      16 | 100.0
   Gauntlet |       0 |    4943 | 100.0 |       0 |      15 | 100.0
            +---------+---------+-------+---------+---------+-------
